 Dungeon Crawl Stone Soup version 0.29-a0-872-g797fff5ad1 (webtiles) character file.

Game seed: 2542147580267314106

601 xian the Slasher (level 7, 0/50 (54) HPs)
             Began as a Demonspawn Fighter on July 18, 2022.
             Slain by a wight
             ... wielding a +0 scimitar
              (11 damage)
             ... on level 5 of the Dungeon.
             The game lasted 00:10:04 (3757 turns).

xian the Slasher (Demonspawn Fighter)               Turns: 3757, Time: 00:10:05

HP:   0/50 (54)     AC: 20    Str: 21    XL:     7   Next: 18%
MP:   7/7           EV:  6    Int:  5    God:
Gold: 177           SH:  5    Dex: 13    Spells: 6/6 levels left

rFire   . . .      SeeInvis +   a - +1 long sword
rCold   . . .      Faith    .   c - +0 buckler
rNeg    + + .      Spirit   .   e - +3 plate armour "Urat" {rPois rN++ Int-4 SInv}
rPois   +          Reflect  .   (helmet restricted)
rElec   .          Harm     .   p - +1 cloak
rCorr   .          Rampage  .   f - +1 pair of gloves {Str+3}
Will    .....                   m - +0 pair of boots
Stlth   ..........              s - amulet of magic regeneration
HPRegen 0.16/turn               (no ring)
MPRegen 0.50/turn               (no ring)

@: drained
A: claws 1, horns 1, foul stench 2
a: no special abilities


You were on level 5 of the Dungeon.
You visited 1 branch of the dungeon, and saw 5 of its levels.

You collected 177 gold pieces.

Inventory:

Hand Weapons
 a - a +1 long sword (weapon)
 q - a +0 club
Missiles
 j - 6 poisoned darts (quivered)
Armour
 c - a +0 buckler (worn)
 e - the +3 plate armour "Urat" (worn) {rPois rN++ Int-4 SInv}
   (You acquired it on level 2 of the Dungeon)

   Int:       It affects your intelligence (-4).
   rPois:     It protects you from poison.
   rN:        It greatly protects you from negative energy.
   SInv:      It lets you see invisible.
 f - a +1 pair of gloves of strength (worn)
 m - a +0 pair of boots (worn)
 p - a +1 cloak (worn)
Jewellery
 s - an amulet of magic regeneration (around neck)
Scrolls
 b - a scroll of fear
 h - a scroll of teleportation
 t - a scroll of enchant armour {unknown}
Potions
 d - a potion of might
 g - a potion of mutation {unknown}
 i - 4 potions of curing
 k - a potion of haste {unknown}
 l - a potion of invisibility {unknown}
 n - 2 potions of ambrosia
 o - a potion of berserk rage {unknown}


   Skills:
 + Level 4.0 Fighting
 + Level 4.8 Long Blades
 + Level 0.4 Throwing
 + Level 4.6 Armour
 + Level 0.9 Dodging
 + Level 0.5 Stealth
 + Level 3.5 Shields


You had 6 spell levels left.
You didn't know any spells.
Your spell library contained the following spells:

 Spells                   Type           Power      Damage    Failure   Level
 Summon Small Mammal      Summ           0%         N/A       100%        1
 Ensorcelled Hibernation  Hex/Ice        0%         N/A       100%        2
 Call Canine Familiar     Summ           0%         N/A       100%        3
 Spider Form              Tmut/Pois      0%         N/A       100%        3
 Summon Guardian Golem    Hex/Summ       0%         N/A       100%        3
 Anguish                  Hex/Necr       0%         N/A       100%        4


Dungeon Overview and Level Annotations

Branches:
Dungeon (5/15)
 Temple: D:4-7

Altars:
Hepliaklqana
Makhleb


Innate Abilities, Weirdness & Mutations

You have sharp fingernails.
You have a pair of small horns on your head.
You sometimes emit foul miasma when damaged in melee.


Message History

The wight hits you with a +0 spear.
You slash the wight! You headbutt the wight.
The wight is almost destroyed.
The wight hits you but does no damage. The wight hits you with a +0 scimitar.
You hit the wight but do no damage.
The wight is almost destroyed.
You block the wight's attack. The wight closely misses you.
The wight hits you with a +0 scimitar. You partially resist.
You feel drained.
You barely miss the wight.
The wight is almost destroyed.
The wight hits you but does no damage. x3
You hit the wight.
You destroy the wight!
You block the wight's attack. x2
Your life force feels restored.
You block the wight's attack. The wight hits you but does no damage.
Things that are here:
a +0 spear; a +0 robe You hit the wight but do no damage.
The wight barely misses you. x2
The wight hits you but does no damage. x2
You barely miss the wight. You headbutt the wight.
The wight is moderately damaged.
The wight hits you with a +2 halberd. You partially resist.
You feel drained. The wight hits you with a +0 scimitar. You partially resist.
You feel drained.
You emit a cloud of foul miasma!
You hit the wight but do no damage.
The wight is moderately damaged.
The wight hits you with a +2 halberd! You partially resist.
You feel drained.
You emit a cloud of foul miasma!
The wight completely misses you. The wight attacks as you move away!
The wight hits you but does no damage.
The wight hits you from afar with a +2 halberd!
* * * LOW HITPOINT WARNING * * *
You block the wight's attack. The wight attacks as you move away!
The wight hits you but does no damage. The wight barely misses you.
The wight closely misses you.
You barely miss the wight.
The wight is lightly damaged.
The wight barely misses you. The wight hits you with a +0 scimitar!
You die...

#### ##...## #
##.....## .#
#.......###.##
#............#
####..........#.###
#.........#.#.....#
#...........#.#.#.#
#......z@.......#.###
####.)z##......)....<
#.☼.######[.##.###
#...# ##.)##.# ##.##
#......# #..
#..[.<#..... #.#
#.....# ### #..
#.....# ... #.....#


You could see 2 wights.

Vanquished Creatures
  Sigmund (D:3)
  An ogre (D:5)
  A wight (D:5)
  2 hounds
  Terence (D:2)
  2 iguanas
  An orc wizard (D:4)
  Robin (D:3)
  6 adders
  A worm (D:2)
  2 dart slugs
  3 orcs
  4 bats
  9 endoplasms
  7 giant cockroaches
  12 goblins
  8 hobgoblins
  3 kobolds
  7 quokkas
  6 ball pythons
  3 frilled lizards
  2 rats
83 creatures vanquished.

Notes
Turn   | Place    | Note
-------+----------+-------------------------------------------
     0 | D:1      | xian the Demonspawn Fighter began the quest for the Orb.
     0 | D:1      | Reached XP level 1. HP: 18/18 MP: 1/1
   137 | D:1      | Discovered your monstrous ancestry.
   137 | D:1      | Gained mutation: You have sharp fingernails. [demonic
                  | ancestry]
   137 | D:1      | Reached XP level 2. HP: 21/24 MP: 2/2
   651 | D:1      | Gained mutation: You may rarely emit foul miasma when
                  | damaged in melee. [demonic ancestry]
   651 | D:1      | Reached XP level 3. HP: 27/29 MP: 3/3
  1174 | D:2      | Identified a scroll of acquirement
  1174 | D:2      | Acquired the +3 plate armour "Urat" {rPois rN++ Int-4 SInv}
  1202 | D:2      | Noticed Terence
  1211 | D:2      | Killed Terence
  1212 | D:2      | Reached XP level 4. HP: 28/36 MP: 4/4
  1953 | D:3      | Noticed Robin
  1967 | D:3      | Killed Robin
  2129 | D:3      | Found a burning altar of Makhleb.
  2129 | D:3      | Noticed a blizzard demon
  2304 | D:3      | Noticed Sigmund
  2314 | D:3      | Killed Sigmund
  2315 | D:3      | Gained mutation: You sometimes emit foul miasma when
                  | damaged in melee. [demonic ancestry]
  2315 | D:3      | Reached XP level 5. HP: 26/42 MP: 5/5
  2315 | D:3      | Reached XP level 6. HP: 30/48 MP: 6/6
  2964 | D:4      | Found a hazy altar of Hepliaklqana.
  3486 | D:5      | Entered Level 5 of the Dungeon
  3495 | D:5      | Gained mutation: You have a pair of small horns on your
                  | head. [demonic ancestry]
  3495 | D:5      | Reached XP level 7. HP: 11/53 MP: 7/7
  3757 | D:5      | Slain by a wight

Illustrated notes

Levels and vault maps discovered:
D:1:      lightli_arrival_farm, layout_basic
D:2:      minmay_evil_eye, layout_rooms, chequers_serial_rivers_large_a,
          hangedman_decor_points, minmay_nonomino_d4, uniq_terence
D:3:      layout_loops_ring, makhleb_altar_promises_db,
          mainiacjoe_overflow_six_doors_small, uniq_robin, uniq_sigmund
D:4:      layout_rooms, nzn_hepliaklqana_mist_gate
D:5:      layout_loops_cross, nicolae_wu_jian_immortal_techniques,
          minmay_temple_entry_enclosed_plants, uniq_ijyb

Skill      XL: |  1  2  3  4  5  6  7 |
---------------+----------------------+-----
Long Blades    | 2 4 |  4.8
Armour         | 3 4 |  4.6
Shields        | 3 |  3.5
Fighting       | 4 |  4.0
Throwing       | |  0.4
Dodging        | |  0.9
Stealth        | |  0.5

Action                   |  1- 3 |  4- 6 |  7- 9 || total
-------------------------+-------+-------+-------++-------
Melee: Long sword        |   122 |   144 |    13 ||   279
       Headbutt          |       |       |     2 ||     2
Throw: Dart              |       |     2 |       ||     2
  Use: Scroll            |     5 |     6 |       ||    11
Armor: Scale mail        |    71 |       |       ||    71
       Plate armour      |     8 |   147 |    12 ||   167
Dodge: Dodged            |    78 |    51 |     8 ||   137
Block: Buckler           |    46 |    35 |     8 ||    89

Table legend: (Time is in decaauts)
 A = Elapsed time spent in this place.
 B = Non-inter-level travel time spent in this place.
 C = Inter-level travel time spent in this place.
 D = Time resting spent in this place.
 E = Time spent auto-exploring this place.
 F = Levels seen in this place.
 G = Mean time per level.
                   A        B        C        D        E       F      G
               +--------+--------+--------+--------+--------+-----+--------+
         Total |   3874 |   3796 |     78 |      0 |   2704 |   5 |  774.8 |
       Dungeon |   3874 |   3796 |     78 |      0 |   2704 |   5 |  774.8 |
               +--------+--------+--------+--------+--------+-----+--------+

Top non-repeatable levels by time:
     D:1: 1019 daAuts
     D:3: 1001 daAuts
     D:2: 992 daAuts
     D:4: 586 daAuts
     D:5: 274 daAuts
